TKirby, chaotic male elven Wizard --------------- ----------- -------- |.............| ####.>........| |......| #..............| # |f........| |......| #-----------|--- ### |.@B......| |>.....| # # # #+.........| ##...%....# # # ### #--|-------- # |......|# # ## # ####### ### --------# ----- # ---|-### # # # # |...| # |....# # ### ### # #....| # |...| # # # # #|...| -------# |....# # ## ### # #----- |?.?..|# -----# # --.--# # # |???..|# ### # |...|# # # |??...-# # -----# |.<.|# # # |+?.?.| ### |...|# |....# ### # ------- # |{..-# |...| #-------------# ##-..^| |...| #-...........|# --.-- ----- |............# # ------------- TKirby the Conjurer Experience level: 3 Strength: 14 Dexterity: 11 Constitution: 14 Intelligence: 18 Wisdom: 8 Charisma: 10 Health: 0(17) Energy: 34(34) Def: 2 Gold: 302 Moves: 1327 Dungeon seed: GpH61M_fmYH7olx2 Game ID: TKirby_1507231091 Your Inventory: Coins $ - 302 gold pieces Weapons a - a blessed +1 quarterstaff (weapon in hands) Armor e - an uncursed +1 cloak of magic resistance (being worn) q - an uncursed -1 pair of levitation boots Scrolls j - an uncursed scroll of food detection t - an uncursed scroll of identify u - an uncursed scroll of confuse monster v - an uncursed scroll of earth w - an uncursed scroll of enchant weapon x - a blessed scroll of light Spellbooks l - a blessed spellbook of force bolt m - an uncursed spellbook of drain life Potions f - an uncursed potion of levitation g - an uncursed potion of healing h - an uncursed potion of oil Rings c - an uncursed +1 ring of protection d - an uncursed ring of polymorph control Wands b - a wand of striking (0:6) Tools n - an uncursed blindfold o - an uncursed bugle Gems r - an uncursed luckstone Spells and supernatural/magical abilities: Name Level Category Fail Memory a - force bolt 1 attack 0% 94% D - drain life 2 attack 0% 94% W - pray for help -- divine ? -- Your skills at the end: Fighting Skills Weapon Skills quarterstaff [Basic] Spellcasting Skills attack spells [Basic] enchantment spells [Basic] Final Attributes: You were piously aligned. You were magic-protected. You had infravision. You were lucky. You had extra luck. Bad luck did not time out for you. Good luck did not time out for you. You are dead. Vanquished creatures: an acid blob a brown mold a gecko a fox 2 kobolds a goblin 4 grid bugs 3 lichens a kobold zombie 5 newts 20 creatures vanquished. Voluntary challenges: You were an atheist. You used a wielded weapon 18 times, starting on turn 21. You read items or engraved 3 times, starting on turn 147. You never genocided any monsters. You never polymorphed an object. You never changed form. You used no wishes. You never split a pudding. You never wrote Elbereth's name. You never violated your personal moral code. Dungeon overview: The Dungeons of Doom: levels 1 to 3 Level 1 a fountain a long staircase Level 2 Level 3 <- You were here a scroll shop, a fountain a long staircase History has recorded: On T:1 you entered the Dungeons of Doom to retrieve the Amulet of Yendor! On T:255 you reached level 2 of The Dungeons of Doom. On T:354 you advanced to experience level 2. On T:600 you reached level 3 of The Dungeons of Doom. On T:873 you advanced to experience level 3. Score breakdown: Gold: 302 ( 8441 points) Experience: 3 levels ( 7878 points) Exploration: 3 levels ( 6.38%) ( 6255 points) Discoveries: 3 items ( 1.08%) ( 3116 points) Valuables value: (no points given unless you survive) Artifact value: 0 ( 0 points) Variety of kills: 10 monsters ( 2.62%) ( 4860 points) Turncount: 1327 turns ( 0 points) Survival: died (score multiplied by 80%) Total score: 24440 Latest messages: x - a scroll of light. Maple misses the newt. You miss the newt. The newt bites! Maple bites the newt. The newt is killed! You see here a newt corpse. Blecch! Rotten food! You feel rather light headed. You feel less confused now. You stop eating. Maple eats a partly eaten newt corpse. Nowhere else around here can be automatically explored. (2x) You are beginning to feel hungry. You displace maple. Where do you want to travel to? You stop travelling. You kill the grid bug! The giant bat bites! (3x) You miss the giant bat. The giant bat bites! (2x) You die... Final status: Goodbye TKirby the Wizard, killed by a giant bat... You died in The Dungeons of Doom on dungeon level 3 with 24440 points, and 302 pieces of gold, after 1327 moves. You were level 3 with a maximum of 17 hit points when you died.